 Dungeon Crawl Stone Soup version 0.17.0-24-gcfadda4 (webtiles) character file.

5788 lucasterio the Protected (level 10, -6/95 HPs)
             Began as a Minotaur Berserker on Nov 17, 2015.
             Was a High Priest of Trog.
             Mangled by an orc warrior
             ... wielding a +0 halberd
              (19 damage)
             ... on level 9 of the Dungeon.
             The game lasted 00:48:26 (8195 turns).

lucasterio the Protected (Minotaur Berserker)       Turns: 8195, Time: 00:48:26

Health: -6/95      AC: 15    Str: 25    XL:     10   Next: 50%
Magic:  9/9        EV:  8    Int:  4    God:    Trog [*****.]
Gold:   415        SH:  5    Dex: 10    Spells: 0 memorised, 9 levels left

rFire  . . .     SeeInvis .     t - +2 war axe (freeze)
rCold  . . .     Clarity  .     N - +0 plate armour
rNeg   . . .     SustAt   .     A - +0 buckler
rPois  .         Gourm    .     (helmet restricted)
rElec  .         Spirit   .     (no cloak)
rCorr  .         Warding  .     (no gloves)
rMut   .         Stasis   .     (no boots)
MR     .....                    (no amulet)
Stlth  ..........               (no ring)
                                (no ring)

@: exhausted, slowed, drained, very slow, not resistant to hostile enchantments,
extremely unstealthy
A: retaliatory headbutt, horns 2
a: Berserk, Trog's Hand, Brothers in Arms, Burn Spellbooks, Renounce Religion


You were on level 9 of the Dungeon.
You worshipped Trog.
Trog was extremely pleased with you.
You were not hungry.

You visited 1 branch of the dungeon, and saw 11 of its levels.

You collected 415 gold pieces.

Inventory:

Hand Weapons
 a - a +0 mace
 n - a cursed -2 hand axe
 p - a +2 dagger of speed
 r - a +0 dagger of chaos
 t - a +2 war axe of freezing (weapon)
 y - a +0 shortbow
 I - a +1 flail of holy wrath
 K - a +4 dagger of distortion
 Q - a +0 shortbow of flaming
 R - a +0 dagger of venom
Missiles
 q - 164 arrows
 z - 9 arrows of frost
 B - 14 poisoned arrows
Armour
 s - a +0 chain mail
 A - a +0 buckler (worn)
 N - a +0 plate armour (worn)
 O - a +0 shield
 P - a troll hide
Jewellery
 D - an uncursed ring of protection from cold
 F - an uncursed ring of ice
Wands
 d - a wand of draining (4)
 k - a wand of draining (9)
Scrolls
 b - 3 scrolls of immolation {unknown}
 g - 4 scrolls of identify
 i - 2 scrolls of enchant armour {unknown}
 j - 4 scrolls of teleportation {unknown}
 l - 5 scrolls of enchant weapon {unknown}
 o - 3 scrolls of remove curse {unknown}
 u - 2 scrolls of amnesia {unknown}
 v - 6 scrolls of fog {unknown}
 x - 3 scrolls of random uselessness {unknown}
 E - 4 scrolls of noise {unknown}
 H - 3 scrolls of fear {unknown}
 L - 3 scrolls of magic mapping {unknown}
 M - a scroll of silence {unknown}
Potions
 e - 2 potions of degeneration {unknown}
 f - 3 potions of ambrosia {unknown}
 h - a potion of lignification {unknown}
 w - a potion of poison {unknown}
 C - a potion of heal wounds {unknown}
 G - a potion of haste {unknown}
 J - a potion of cancellation {unknown}
Comestibles
 c - 6 bread rations
 m - a chunk of flesh
 S - a royal jelly


   Skills:
 * Level 11.1(10.8) Fighting
 - Level 7.1(6.8) Maces & Flails
 - Level 12.2(11.9) Armour
 - Level 2.2(2.0) Dodging
 + Level 7.4(7.2) Shields


You had 9 spell levels left.
You didn't know any spells.

Dungeon Overview and Level Annotations

Branches:
Dungeon (11/15)            Temple (0/1) D:6            Lair (0/8) D:8
    Orc: D:9-12

Altars:
Ashenzari
Cheibriados
Dithmenos
Elyvilon
Makhleb
Nemelex Xobeh
Okawaru
Ru
Xom
Zin
The Shining One


Innate Abilities, Weirdness & Mutations

You reflexively headbutt those who attack you in melee.
You have a pair of horns on your head.


Message History

You are too injured to fight recklessly!
You are too injured to fight recklessly!
You are too injured to fight recklessly!
You barely miss the orc warrior. Your headbutt misses the orc warrior.
The orc warrior is moderately wounded.
Your plate armour prevents you from hitting the orc warrior.
The orc warrior is moderately wounded.
You hit the orc but do no damage. You block the orc warrior's attack.
The orc barely misses you. x2
You furiously retaliate!
You headbutt the orc!
You kill the orc!
Trog accepts your kill.
The orc warrior hits you with a halberd.
* * * LOW HITPOINT WARNING * * *
Some of the chunks of flesh in your inventory have rotted away.
You slash the orc warrior! You freeze the orc warrior.
Your headbutt misses the orc warrior.
The orc warrior is severely wounded.
The orc warrior hits you with a halberd!!
You die...

## .# ## ## .##
#. #. .. #. #.
.# #. #.#)## #.
#.@o.# #.
#.)####### #.
#)()......
#####)
#######(####>..
+..())
.......(...#
##(###
#######.##.#
#.# #
#....#+###
#.###
#####....#
#.... +....+
+...รท


You could see an orc warrior.

Vanquished Creatures
  Erolcha (D:10)
  A manticore (D:7)
  Psyche (D:8)
  A troll (D:9)
  A wraith (D:9)
  2 hungry ghosts
  A deep elf mage (D:10)
  3 ice beasts
  A black bear (D:6)
  4 ogres
  A sky beast (D:7)
  2 orc warriors (D:8)
  4 centaurs
  A phantom (D:7)
  3 big kobolds
  2 giant frogs
  4 scorpions
  A gnoll sergeant (D:7)
  4 wights (D:9)
  3 crimson imps
  2 hounds
  2 centaur zombies
  An iron imp (D:9)
  2 giant frog zombies
  2 jellies (D:8)
  4 orc priests
  2 giant frog skeletons
  5 worker ants
  A gnoll shaman (D:5)
  12 orc wizards
  Natasha (twice) (D:3)
  A hound zombie (D:8)
  A hound skeleton (D:8)
  10 adders
  13 gnolls
  3 shadow imps
  3 oozes
  An adder zombie (D:5)
  3 worms
  3 giant geckos
  51 orcs
  6 bats
  6 giant cockroaches
  4 hobgoblins
  10 jackals
  19 kobolds
  A ball python (D:2)
  5 giant newts
  7 goblins
  A jackal zombie (D:6)
  5 rats
  A bush (D:1)
  A butterfly (D:6)
231 creatures vanquished.

Notes
Turn   | Place    | Note
--------------------------------------------------------------
     0 | D:1      | lucasterio the Minotaur Berserker began the quest for the Orb.
     0 | D:1      | Reached XP level 1. HP: 19/19 MP: 0/0
    73 | D:1      | Reached XP level 2. HP: 27/27 MP: 1/1
   205 | D:1      | Reached skill level 4 in Maces & Flails
   757 | D:1      | Reached ** piety under Trog
   951 | D:1      | Reached XP level 3. HP: 24/33 MP: 2/2
  1166 | D:2      | Reached XP level 4. HP: 29/41 MP: 3/3
  2145 | D:3      | Reached skill level 5 in Fighting
  2145 | D:3      | Reached XP level 5. HP: 43/48 MP: 4/4
  2227 | D:3      | Reached *** piety under Trog
  2227 | D:3      | Reached skill level 5 in Maces & Flails
  2370 | D:3      | Noticed an ogre
  2382 | D:3      | Killed an ogre
  2382 | D:3      | Reached skill level 5 in Armour
  2382 | D:3      | Reached XP level 6. HP: 19/56 MP: 5/5
  2584 | D:3      | Found a shimmering altar of Xom.
  2584 | D:3      | Found a burning altar of Makhleb.
  2639 | D:3      | Noticed Natasha
  2647 | D:3      | Killed Natasha
  2910 | D:3      | Noticed Natasha
  2917 | D:3      | Killed Natasha
  3122 | D:4      | Reached skill level 6 in Fighting
  3154 | D:4      | Found a glowing golden altar of the Shining One.
  3154 | D:4      | Found a white marble altar of Elyvilon.
  3155 | D:4      | Found a glowing silver altar of Zin.
  3209 | D:4      | Reached XP level 7. HP: 59/63 MP: 6/6
  3240 | D:4      | Found a shattered altar of Ashenzari.
  3251 | D:4      | Reached **** piety under Trog
  3609 | D:5      | Entered Level 5 of the Dungeon
  3711 | D:5      | Found an iron altar of Okawaru.
  3777 | D:5      | Reached skill level 7 in Armour
  3887 | D:5      | Reached XP level 8. HP: 73/73 MP: 7/7
  4181 | D:5      | Found a sacrificial altar of Ru.
  4564 | D:6      | Reached skill level 8 in Armour
  4574 | D:6      | Reached skill level 1 in Shields
  4829 | D:6      | Reached skill level 9 in Armour
  5089 | D:6      | Found a staircase to the Ecumenical Temple.
  5233 | D:6      | Reached ***** piety under Trog
  5392 | D:7      | Reached XP level 9. HP: 57/82 MP: 8/8
  5414 | D:7      | Reached skill level 10 in Armour
  5791 | D:7      | Noticed a manticore
  5802 | D:7      | Killed a manticore
  6362 | D:8      | Found a staircase to the Lair.
  6371 | D:8      | Noticed Psyche
  6378 | D:8      | Killed Psyche
  6378 | D:8      | Reached skill level 5 in Shields
  6428 | D:8      | Reached skill level 11 in Armour
  6981 | D:8      | You fall through a shaft for 3 floors!
  7070 | D:10     | Entered Level 10 of the Dungeon
  7158 | D:10     | Noticed Erolcha
  7165 | D:10     | Killed Erolcha
  7165 | D:10     | Reached skill level 12 in Armour
  7165 | D:10     | Reached XP level 10. HP: 53/93 MP: 9/9
  7549 | D:9      | Reached skill level 10 in Fighting
  7859 | D:9      | Found a snail-covered altar of Cheibriados.
  7963 | D:9      | Found a sparkling altar of Nemelex Xobeh.
  8042 | D:9      | Found a shadowy altar of Dithmenos.
  8195 | D:9      | Mangled by an orc warrior

Action                   |  1- 3 |  4- 6 |  7- 9 | 10-12 || total
-------------------------+-------+-------+-------+-------++-------
Melee: Mace              |   115 |   141 |    46 |       ||   302
       War axe           |       |       |   254 |   109 ||   363
Invok: Berserk           |     1 |     1 |     4 |     2 ||     8
  Use: Scroll            |       |       |     5 |       ||     5
  Eat: Chunk             |     1 |     7 |     9 |       ||    17
       Meat ration       |       |     1 |     2 |       ||     3
       Pizza             |       |       |     1 |       ||     1
       Fruit             |       |       |       |     5 ||     5
       Bread ration      |       |       |       |     1 ||     1
       Royal jelly       |       |       |       |     1 ||     1
